 Dungeon Crawl Stone Soup version 0.32-a0-918-g0f22ef8d61 (webtiles) character file.

Game seed: 11626975049411498272

46 smashvw the Changeling (level 3, 0/23 HPs)
             Began as an Octopode Shapeshifter on Apr 11, 2024.
             Succumbed to an adder's poison
             ... on level 2 of the Dungeon.
             The game lasted 00:01:40 (761 turns).

smashvw the Changeling (Octopode Shapeshifter)       Turns: 761, Time: 00:01:41

Health: 0/23       AC:  1    Str: 13    XL:     3   Next: 68%
Magic:  3/3        EV: 12    Int: 12    God:
Gold:   34         SH:  0    Dex: 13    Spells: 2/2 levels left

rFire   . .          .
                       - Unarmed
rCold   . . .        (no shield)
rNeg    . . .        (helmet currently unavailable)
rPois   .            (no amulet)
rElec   .            (no ring)
rCorr   .            (no ring)
SInv    .            (no ring)
Will    .....        (no ring)
Stlth   +++          (no ring)
HPRegen 0.23/turn    (no ring)
MPRegen 0.08/turn    (no ring)
                     (no ring)

%: no passive effects
@: lethally poisoned (0 -> -2), beast-form
A: beast (slay +2), almost no armour, amphibious, 8 rings, camouflage 1,
gelatinous body 1, (nimble swimmer 1), tentacles
a: Begin Untransformation


You were on level 2 of the Dungeon.
You were a hulking beast.
You visited 1 branch of the dungeon, and saw 2 of its levels.

You collected 34 gold pieces.

Inventory:

Talismans
 b - a beast talisman (active)
 c - a flux talisman
Scrolls
 f - a scroll of amnesia {unknown}
 h - 2 scrolls of teleportation {unknown}
 i - a scroll of noise {unknown}
Potions
 a - a potion of lignification
 d - a potion of invisibility {unknown}
 e - a potion of magic {unknown}
 g - 2 potions of degeneration {unknown}
 j - a potion of attraction {unknown}
 k - a potion of cancellation {unknown}


   Skills:
 - Level 1.0 Fighting
 - Level 2.0 Dodging
 + Level 1.6 Stealth
 - Level 3.0 Unarmed Combat
 + Level 4.1 Shapeshifting


You had 2 spell levels left.
You didn't know any spells.
Your spell library contained the following spells:

 Spells                   Type           Power      Damage    Failure   Level
 Freeze                   Ice            0%         1d3       32%         1
 Frozen Ramparts          Ice            0%         1d1       69%         3
 Hailstorm                Conj/Ice       0%         3d5       69%         3


Dungeon Overview and Level Annotations

Branches:
Dungeon (2/15)

Altars:


Innate Abilities, Weirdness & Mutations

You are a hulking beast.
Your limbs bulge with bestial killing power. (Slay +2)
You cannot wear most types of armour.
You are amphibious.
You can wear up to eight rings at the same time.
Your skin changes colour to match your surroundings (Stealth+).
Your rubbery body absorbs attacks. (AC +1, EV +1)
((You are camouflaged when in or above water. (Stealth+)))
You have tentacles for arms and can constrict up to eight enemies at once.


Message History

You tentacle-slap the adder. Your grab misses the adder.
Your squeeze misses the adder.
The adder is lightly wounded.
The adder bites you.
You are poisoned.
The adder poisons you!
You tentacle-slap the adder. Your grab misses the adder.
The adder is heavily wounded.
You feel sick.
The jackal barks!
You hear a bark! x2
The adder completely misses you.
A jackal comes into view.
The adder bites you.
You completely miss the adder. Your grab misses the adder.
Your squeeze misses the adder.
The adder is heavily wounded.
You feel sick. The adder barely misses you.
You tentacle-slap the adder. Your grab misses the adder.
The adder is almost dead.
You feel sick.
A jackal comes into view.
The ball python barely misses you. x2; The adder bites you.
You tentacle-slap the adder.
You kill the adder!
You feel sick. The ball python bites you. The ball python grabs you.
The ball python constricts you.
A jackal comes into view.
The ball python's grasp on you weakens, but your attempt to escape fails.
You feel sick.
The jackal bites you but does no damage.
The ball python bites you.
* * * LOW HITPOINT WARNING * * *
The ball python constricts you.
* * * LOW HITPOINT WARNING * * *
The ball python bites you.
* * * LOW HITPOINT WARNING * * *
The ball python constricts you.
* * * LOW HITPOINT WARNING * * *
You escape the ball python's grasp.
You die...

####..... ..# #........#
...# #........# .h.# ...
.........###...# ....
#........#.....# .....
#........#h#...#
.....##........#.#...#
...............'h#h..###.
.....###.##....##.h......
...............##S†......
.......#.....#.##........
.......#.#.#.....###....#
.......#.#.#............#
.......#.#.#.#..........#
.......#.#.#.#...>... ..#
.......#.....#.........####


You could see 2 jackals and a ball python.

Vanquished Creatures
  An adder (D:2)
  2 dart slugs (D:1)
  2 endoplasms (D:1)
  3 goblins (D:1)
  4 hobgoblins
  6 jackals (D:1)
  2 kobolds (D:1)
  A quokka (D:1)
  4 ball pythons
  2 bats (D:1)
  2 frilled lizards
  A rat (D:1)
30 creatures vanquished.

Notes
Turn   | Place    | Note
-------+----------+-------------------------------------------
     0 | D:1      | smashvw the Octopode Shapeshifter began the quest for the
                  | Orb.
     0 | D:1      | Reached XP level 1. HP: 13/13 MP: 1/1
    55 | D:1      | Reached XP level 2. HP: 16/18 MP: 2/2
   529 | D:1      | Reached XP level 3. HP: 23/23 MP: 3/3
   583 | D:1      | Reached skill level 4 in Shapeshifting
   616 | D:1      | Reached skill level 1 in Stealth
   760 | D:2      | HP: 1/23 [constriction (1)]
   761 | D:2      | Succumbed to an adder's poison

Illustrated notes

Levels and vault maps discovered:
D:1:      spicycebolla_green_bress_n_ham, layout_loops_ring
D:2:      layout_basic, basic_altar, uniq_robin

Skill      XL: |  1  2  3 |
---------------+----------+-----
Shapeshifting  | 4 |  4.1
Stealth        | 1 |  1.6
Fighting       | |  1.0
Dodging        | |  2.0
Unarmed Combat | |  3.0

Action                     || total
---------------------------++-------
  Melee: Unarmed           ||    51
         Constrict         ||    13
         Tentacles         ||     5
         Punch             ||     1
   Stab: Sleeping          ||     4
         Distracted        ||     1
 Armour: Skin              ||    21
  Dodge: Dodged            ||    24

Table legend: (Time is in decaauts)
 A = Elapsed time spent in this place.
 B = Non-inter-level travel time spent in this place.
 C = Inter-level travel time spent in this place.
 D = Time resting spent in this place.
 E = Time spent auto-exploring this place.
 F = Levels seen in this place.
 G = Mean time per level.
                   A        B        C        D        E       F      G
               +--------+--------+--------+--------+--------+-----+--------+
         Total |    757 |    737 |     20 |      0 |    574 |   2 |  378.5 |
       Dungeon |    757 |    737 |     20 |      0 |    574 |   2 |  378.5 |
               +--------+--------+--------+--------+--------+-----+--------+

Top non-repeatable levels by time:
     D:1: 696 daAuts
     D:2: 61 daAuts
